NWL (28 & UNDER)
RIVERSIDE RED BULLS @ CULVER CITY EXTRAS
07/10/2024
 
TOP OF THE 1ST
Riverside Red Bulls batting - Pitching for Culver City Extras : RHP Chris Marshall
Pitching: RHP Chris Marshall
Batting: RHB William Richardson 0-0: Foul Ball, location: 2F
0-1: Foul Ball, location: 2F
0-2: Fly out, F9 (Flyball, 89M)
Batting: RHB Kyle Bacon 0-0: Called Strike
0-1: Fly out, F3 (Line Drive, 34)
Batting: RHB Brandon Pope 0-0: Ball
1-0: Swinging Strike
1-1: Swinging Strike
1-2: Foul Ball, location: 2F
1-2: Foul Ball, location: 2F
1-2: Strikes out swinging
Top of the 1st over - 0 run(s), 0 hit(s), 0 error(s), 0 left on base; Riverside 0 - Culver City 0
BOTTOM OF THE 1ST
Culver City Extras batting - Pitching for Riverside Red Bulls : RHP Nariaki Tanaka
Pitching: RHP Nariaki Tanaka
Batting: RHB Jesús Hernández 0-0: Called Strike
0-1: Ball
1-1: Ball
2-1: Foul Ball, location: 2F
2-2: Fly out, F3 (Popup, 3SF)
Batting: RHB Bill Little 0-0: Ball
1-0: SINGLE (Line Drive, 6MD)
Batting: LHB Stan Bates 0-0: 2-RUN HOME RUN (Flyball, 89XD), Distance : 414 ft
Batting: LHB Larry Howard 0-0: Ball
1-0: Foul Ball, location: 2F
1-1: Foul Ball, location: 2F
1-2: Ball
2-2: Strikes out looking
Batting: RHB Axel Guimont 0-0: Ball
1-0: Ball
2-0: Ball
3-0: Called Strike
3-1: Fly out, F8 (Flyball, 8LXD)
Bottom of the 1st over - 2 run(s), 2 hit(s), 0 error(s), 0 left on base; Riverside 0 - Culver City 2
TOP OF THE 2ND
Riverside Red Bulls batting - Pitching for Culver City Extras : RHP Chris Marshall
Batting: RHB Marcos Hernández 0-0: Foul Ball, location: 2F
0-1: Foul Ball, location: 2F
0-2: Ball
1-2: Foul Ball, location: 2F
1-2: Ball
2-2: Foul Ball, location: 2F
2-2: Foul Ball, location: 2F
2-2: SINGLE (Groundball, 56)
Batting: RHB Kevin Brown 0-0: Ball
1-0: Foul Ball, location: 2F
1-1: Foul Ball, location: 2F
1-2: Fly out, F9 (Flyball, 9LS)
Batting: LHB Mike Mitchell 0-0: Ball
1-0: Grounds into double play, 4-6-3 (Groundball, 4)
Top of the 2nd over - 0 run(s), 1 hit(s), 0 error(s), 0 left on base; Riverside 0 - Culver City 2
BOTTOM OF THE 2ND
Culver City Extras batting - Pitching for Riverside Red Bulls : RHP Nariaki Tanaka
Batting: LHB Jason Lambert 0-0: Ball
1-0: Ball
2-0: Fly out, F7 (Flyball, 7LS)
Batting: RHB Cooper Richard 0-0: Foul Ball, location: 2F
0-1: Foul Ball, location: 2F
0-2: Strikes out swinging
Batting: LHB Richard Bell 0-0: Fly out, F9 (Flyball, 89S)
Bottom of the 2nd over - 0 run(s), 0 hit(s), 0 error(s), 0 left on base; Riverside 0 - Culver City 2
TOP OF THE 3RD
Riverside Red Bulls batting - Pitching for Culver City Extras : RHP Chris Marshall
Batting: SHB Chun-yeong Kim 0-0: Ball
1-0: Ball
2-0: Ball
3-0: Called Strike
3-1: Foul Ball, location: 2F
3-2: Strikes out swinging
Batting: RHB Earnest Finnegan 0-0: Ball
1-0: Swinging Strike
1-1: Fly out, F9 (Flyball, 89D)
Batting: RHB Jesús Naút 0-0: Foul Ball, location: 2F
0-1: Ball
1-1: Foul Ball, location: 2F
1-2: Ground out U3 (Groundball, 3S)
Top of the 3rd over - 0 run(s), 0 hit(s), 0 error(s), 0 left on base; Riverside 0 - Culver City 2
BOTTOM OF THE 3RD
Culver City Extras batting - Pitching for Riverside Red Bulls : RHP Nariaki Tanaka
Batting: RHB Jesús Gonzáles 0-0: Ball
1-0: DOUBLE (Groundball, 3L)
Batting: RHB Jesús Hernández 0-0: Ball
1-0: Foul Ball, location: 2F
1-1: Fly out, F7 (Flyball, 7M)
Batting: RHB Bill Little 0-0: Ball
Jesús Gonzáles steals 3rd base
1-0: Ball
2-0: Ball
3-0: Called Strike
3-1: Base on Balls
Batting: LHB Stan Bates 0-0: Ball
1-0: 3-RUN HOME RUN (Flyball, 89XD), Distance : 433 ft
Batting: LHB Larry Howard 0-0: Ball
1-0: Ball
2-0: Swinging Strike
2-1: Ball
3-1: SINGLE (Groundball, 34)
Batting: RHB Axel Guimont 0-0: Called Strike
Larry Howard steals 2nd base
0-1: Ball
1-1: Ball
2-1: Ball
Larry Howard steals 3rd base
3-1: SINGLE (Line Drive, 6M)
Larry Howard scores
Batting: LHB Jason Lambert 0-0: Called Strike
0-1: Foul Ball, location: 2F
0-2: Ball
1-2: Ball
Pickoff Throw by Catcher to First - Error! E2
Axel Guimont to second
2-2: DOUBLE (Line Drive, 8LXD)
Axel Guimont scores
Batting: RHB Cooper Richard 0-0: Foul Ball, location: 2F
0-1: Ball
1-1: SINGLE (Groundball, 56D)
Jason Lambert to third
Runner from 3rd tries for Home, SAFE, no throw or cutoff
Batting: LHB Richard Bell 0-0: SINGLE (Groundball, 34D)
Cooper Richard to second
Runner from 2nd tries for 3rd, SAFE, no throw or cutoff
Batting: RHB Jesús Gonzáles 0-0: Fly out, F6 (Popup, 6M)
Pitching: RHP Emílio Núńez
Batting: RHB Jesús Hernández 0-0: Called Strike
0-1: Foul Ball, location: 2F
0-2: Ground out 6-3 (Groundball, 6)
Bottom of the 3rd over - 6 run(s), 7 hit(s), 1 error(s), 2 left on base; Riverside 0 - Culver City 8
TOP OF THE 4TH
Riverside Red Bulls batting - Pitching for Culver City Extras : RHP Chris Marshall
Batting: RHB William Richardson 0-0: Called Strike
0-1: Foul Ball, location: 2F
0-2: Strikes out looking
Batting: RHB Kyle Bacon 0-0: Ball
1-0: Foul Ball, location: 2F
1-1: Ball
2-1: Ground out 1-3 (Groundball, 23)
Batting: RHB Brandon Pope 0-0: Ground out U3 (Groundball, 3L)
Top of the 4th over - 0 run(s), 0 hit(s), 0 error(s), 0 left on base; Riverside 0 - Culver City 8
BOTTOM OF THE 4TH
Culver City Extras batting - Pitching for Riverside Red Bulls : RHP Emílio Núńez
Batting: RHB Bill Little 0-0: Swinging Strike
0-1: Foul Ball, location: 2F
0-2: Ball
1-2: Strikes out swinging, 2-3 out at first.
Batting: LHB Stan Bates 0-0: Called Strike
0-1: Ball
1-1: Ball
2-1: Ball
3-1: Swinging Strike
3-2: Base on Balls
Batting: LHB Larry Howard 0-0: Called Strike
0-1: Fielders Choice at 2nd, 1-6 (Groundball, 25)
Batting: RHB Axel Guimont 0-0: Ball
1-0: Fielders Choice at 2nd, U4 (Groundball, 4M)
Bottom of the 4th over - 0 run(s), 0 hit(s), 0 error(s), 1 left on base; Riverside 0 - Culver City 8
TOP OF THE 5TH
Riverside Red Bulls batting - Pitching for Culver City Extras : RHP Chris Marshall
Batting: RHB Marcos Hernández 0-0: Called Strike
0-1: Foul Ball, location: 2F
0-2: Strikes out swinging
Batting: RHB Kevin Brown 0-0: Ball
1-0: Ball
2-0: Ball
3-0: Base on Balls
Batting: LHB Mike Mitchell 0-0: Ball
Kevin Brown steals 2nd base
1-0: Foul Ball, location: 2F
1-1: Foul Ball, location: 2F
1-2: Fly out, F9 (Line Drive, 89D)
Runner from 2nd tags up, SAFE at 3rd, no throw
Batting: SHB Chun-yeong Kim 0-0: Fly out, F7 (Popup, 7LS)
Top of the 5th over - 0 run(s), 0 hit(s), 0 error(s), 1 left on base; Riverside 0 - Culver City 8
BOTTOM OF THE 5TH
Culver City Extras batting - Pitching for Riverside Red Bulls : RHP Emílio Núńez
Batting: LHB Jason Lambert 0-0: Ball
1-0: Ball
2-0: Ball
3-0: Base on Balls
Batting: RHB Cooper Richard 0-0: Called Strike
0-1: Ball
1-1: Called Strike
1-2: Strikes out swinging
Batting: LHB Richard Bell 0-0: Ball
1-0: Called Strike
1-1: Ball
2-1: Ball
3-1: Base on Balls
Jason Lambert to second
Batting: RHB Jesús Gonzáles 0-0: Called Strike
0-1: Ball
1-1: Called Strike
1-2: Ball
2-2: Ball
3-2: Foul Ball, location: 2F
3-2: Fly out, F2 (Popup, 2LF)
Batting: RHB Jesús Hernández 0-0: Called Strike
0-1: Ball
1-1: Ball
2-1: Ball
3-1: Base on Balls
Jason Lambert to third
Richard Bell to second
Batting: RHB Bill Little 0-0: Ball
1-0: Ball
2-0: Ball
3-0: Called Strike
3-1: Base on Balls
Jason Lambert scores
Richard Bell to third
Jesús Hernández to second
Batting: LHB Stan Bates 0-0: Ball
1-0: Ball
2-0: Ball
3-0: Base on Balls
Richard Bell scores
Jesús Hernández to third
Bill Little to second
Batting: LHB Larry Howard 0-0: Ground out U3 (Groundball, 3S)
Bottom of the 5th over - 2 run(s), 0 hit(s), 0 error(s), 3 left on base; Riverside 0 - Culver City 10
TOP OF THE 6TH
Riverside Red Bulls batting - Pitching for Culver City Extras : RHP Chris Marshall
Batting: RHB Earnest Finnegan 0-0: Bunt for hit - play at first, batter OUT! 1-3
Batting: RHB Jesús Naút 0-0: Foul Ball, location: 2F
0-1: Ball
1-1: Ball
2-1: Swinging Strike
2-2: Fly out, F8 (Flyball, 8RS)
Batting: RHB William Richardson 0-0: Ball
1-0: Ball
2-0: Ball
3-0: Base on Balls
Batting: RHB Kyle Bacon 0-0: Called Strike
0-1: Ball
1-1: Swinging Strike
1-2: Ball
2-2: Reached on error, E2 (Groundball, 23)
William Richardson to third
Batting: RHB Brandon Pope 0-0: Called Strike
0-1: SINGLE (Groundball, 34)
William Richardson scores
Kyle Bacon to third
Throwing error, E9
Kyle Bacon scores
Brandon Pope to second
Batting: RHB Marcos Hernández 0-0: Ball
1-0: Fly out, F6 (Popup, 6D)
Top of the 6th over - 2 run(s), 1 hit(s), 2 error(s), 1 left on base; Riverside 2 - Culver City 10
BOTTOM OF THE 6TH
Culver City Extras batting - Pitching for Riverside Red Bulls : RHP Emílio Núńez
Batting: RHB Axel Guimont 0-0: Ball
1-0: SINGLE (Line Drive, 78S)
Batting: LHB Jason Lambert 0-0: Fly out, F6 (Popup, 8LS)
Batting: RHB Cooper Richard 0-0: Called Strike
0-1: Called Strike
0-2: Ball
1-2: Foul Ball, location: 2F
1-2: Foul Ball, location: 2F
1-2: Strikes out swinging
Throwing error on steal attempt, E2
Axel Guimont to third
Batting: LHB Richard Bell 0-0: Called Strike
0-1: Foul Ball, location: 2F
0-2: Ground out 6-3 (Groundball, 6)
Bottom of the 6th over - 0 run(s), 1 hit(s), 1 error(s), 1 left on base; Riverside 2 - Culver City 10
TOP OF THE 7TH
Riverside Red Bulls batting - Pitching for Culver City Extras : RHP Chris Marshall
Batting: RHB Kevin Brown 0-0: Ball
1-0: Called Strike
1-1: Called Strike
1-2: Ball
2-2: Ball
3-2: Foul Ball, location: 2F
3-2: Foul Ball, location: 2F
3-2: SOLO HOME RUN (Flyball, 8RXD), Distance : 439 ft
Batting: LHB Mike Mitchell 0-0: Foul Ball, location: 2F
0-1: Foul Ball, location: 2F
0-2: Ball
1-2: Ball
2-2: Foul Ball, location: 2F
2-2: Ball
3-2: Ground out 4-3 (Groundball, 4M)
Batting: SHB Chun-yeong Kim 0-0: Called Strike
0-1: Fly out, F7 (Flyball, 7LMF)
Batting: RHB Earnest Finnegan 0-0: SOLO HOME RUN (Line Drive, 78XD), Distance : 406 ft
Batting: RHB Jesús Naút 0-0: Called Strike
0-1: Ball
1-1: Fly out, F9 (Flyball, 9M)
Top of the 7th over - 2 run(s), 2 hit(s), 0 error(s), 0 left on base; Riverside 4 - Culver City 10
BOTTOM OF THE 7TH
Culver City Extras batting - Pitching for Riverside Red Bulls : RHP Emílio Núńez
Pitching: RHP Rick Haynes
Batting: RHB Jesús Gonzáles 0-0: Foul Ball, location: 2F
0-1: Foul Ball, location: 2F
0-2: Ball
1-2: Ball
2-2: Strikes out swinging
Batting: RHB Jesús Hernández 0-0: Swinging Strike
0-1: SINGLE (Groundball, 56D)
Batting: RHB Bill Little 0-0: Ball
1-0: Foul Ball, location: 2F
1-1: Ball
2-1: Ball
3-1: Base on Balls
Jesús Hernández to second
Batting: LHB Stan Bates 0-0: Ball
1-0: SINGLE (Groundball, 13) (infield hit)
Jesús Hernández to third
Bill Little to second
Batting: LHB Larry Howard 0-0: Ball
1-0: Ball
2-0: Ball
3-0: Base on Balls
Jesús Hernández scores
Bill Little to third
Stan Bates to second
Batting: RHB Axel Guimont 0-0: Called Strike
0-1: Ball
1-1: Grounds into double play, 6-4-3 (Groundball, 56)
Bottom of the 7th over - 1 run(s), 2 hit(s), 0 error(s), 2 left on base; Riverside 4 - Culver City 11
TOP OF THE 8TH
Riverside Red Bulls batting - Pitching for Culver City Extras : RHP Chris Marshall
Pitching: RHP Vincent Cox
Batting: RHB William Richardson 0-0: Called Strike
0-1: Foul Ball, location: 2F
0-2: Ball
1-2: Ball
2-2: Foul Ball, location: 2F
2-2: Foul Ball, location: 2F
2-2: Foul Ball, location: 2F
2-2: Foul Ball, location: 2F
2-2: Ball
3-2: Foul Ball, location: 2F
3-2: Foul Ball, location: 2F
3-2: Foul Ball, location: 2F
3-2: Fly out, F9 (Flyball, 89M)
Batting: RHB Kyle Bacon 0-0: Ball
1-0: Called Strike
1-1: Called Strike
1-2: Strikes out swinging
Batting: RHB Brandon Pope 0-0: Called Strike
0-1: SINGLE (Line Drive, 78M)
Batting: RHB Marcos Hernández 0-0: Ball
1-0: Ground out 5-3 (Groundball, 5S)
Top of the 8th over - 0 run(s), 1 hit(s), 0 error(s), 1 left on base; Riverside 4 - Culver City 11
BOTTOM OF THE 8TH
Culver City Extras batting - Pitching for Riverside Red Bulls : RHP Rick Haynes
Batting: LHB Jason Lambert 0-0: Ball
1-0: SINGLE (Flyball, 9LS)
Pitching: RHP Guy Hebert
Batting: RHB Cooper Richard 0-0: Sac Bunt - play at first, batter OUT! 5-3
Jason Lambert to second
Pinch Hitting: LHB Ronaldo Gois 0-0: Ground out 4-3 (Groundball, 4)
Jason Lambert to third
Batting: RHB Jesús Gonzáles 0-0: Ball
1-0: Fly out, F2 (Popup, 2LF)
Bottom of the 8th over - 0 run(s), 1 hit(s), 0 error(s), 1 left on base; Riverside 4 - Culver City 11
TOP OF THE 9TH
Riverside Red Bulls batting - Pitching for Culver City Extras : RHP Vincent Cox
Now at 3B: Artie Pennington
Pinch Hitting: LHB Paco Rivera 0-0: Swinging Strike
0-1: Foul Ball, location: 2F
0-2: Ball
1-2: Foul Ball, location: 2F
1-2: Foul Ball, location: 2F
1-2: Ball
2-2: Ball
3-2: Strikes out looking
Batting: LHB Mike Mitchell 0-0: SINGLE (Line Drive, 7LS)
Batting: SHB Chun-yeong Kim 0-0: Foul Ball, location: 2F
0-1: Ball
1-1: Fly out, F8 (Flyball, 8LM)
Batting: RHB Earnest Finnegan
Pinch Hitting: RHB Júlio García 0-0: Foul Ball, location: 2F
0-1: Swinging Strike
0-2: Ball
1-2: Hit by Pitch
Mike Mitchell to second
Batting: RHB Jesús Naút 0-0: Ball
1-0: Ball
2-0: Called Strike
2-1: Ball
Wild Pitch!
Mike Mitchell to third
Júlio García to second
3-1: Foul Ball, location: 2F
3-2: Base on Balls
Batting: RHB William Richardson 0-0: Ball
1-0: Ball
2-0: Foul Ball, location: 2F
2-1: Foul Ball, location: 2F
2-2: Ball
3-2: Base on Balls
Mike Mitchell scores
Júlio García to third
Jesús Naút to second
Batting: RHB Kyle Bacon 0-0: Ball
1-0: Ball
2-0: Ball
3-0: Called Strike
3-1: Ground out 5-3 (Groundball, 56S)
Top of the 9th over - 1 run(s), 1 hit(s), 0 error(s), 3 left on base; Riverside 5 - Culver City 11
This league is powered by Out of the Park Baseball, the baseball management simulation game for PC, Mac and Linux
Saturday, April 9th, 2016 - OOTP Baseball 16.8 Build 38